Kradschützen Motorcycle Team
Construct Light Support Kompanie
Selects Armored Support Battlegroup
Construct Panzerarmee Kommand
Selects Flammpanzer III Medium Tank
Flammpanzer III Medium Tank
Panzerjäger Mechanized Group
Selects Command Panzer IV F Medium Tank
Command Panzer IV F Medium Tank
Selects Vehicle Awareness
Pak 38 Anti-tank Gun Team
Selects Stuka Anti-tank Loiter
Command Panzer IV F Medium Tank